 Dungeon Crawl Stone Soup version 0.18.1-48-g4cf74bf (webtiles) character file.

42 Allar the Conjurer (level 3, 0/20 HPs)
             Began as a Deep Elf Conjurer on Aug 30, 2016.
             Slain by a worm (7 damage)
             ... on level 2 of the Dungeon.
             The game lasted 00:12:36 (1848 turns).

Allar the Conjurer (Deep Elf Conjurer)              Turns: 1848, Time: 00:12:37

Health: 0/20       AC: 10    Str:  5    XL:     3   Next: 33%
Magic:  10/10      EV: 10    Int: 20    God:
Gold:   81         SH:  0    Dex: 15    Spells: 3 memorised, 3 levels left

rFire  . . .     SeeInvis .     l - +0 dagger (protect)
rCold  . . .     Gourm    .     n - +0 ring mail (curse)
rNeg   . . .     Faith    .     (no shield)
rPois  .         Spirit   .     (no helmet)
rElec  .         Dismiss  .     (no cloak)
rCorr  .         Reflect  .     (no gloves)
SustAt .         Harm     .     (no boots)
MR     .....                    (no amulet)
Stlth  +.........               (no ring)
                                (no ring)

@: not resistant to hostile enchantments, very unstealthy
A: no striking features
a: no special abilities


You were on level 2 of the Dungeon.
You were very hungry.

You visited 1 branch of the dungeon, and saw 2 of its levels.

You collected 81 gold pieces.

Inventory:

Hand Weapons
 l - a +0 dagger of protection (weapon)
Armour
 a - a +0 robe
 n - a cursed +0 ring mail (worn)
Jewellery
 d - an uncursed ring of protection from fire {unknown}
Scrolls
 e - a scroll of teleportation
 g - a scroll of noise
 k - a scroll of enchant armour
Potions
 f - a potion of magic {unknown}
 j - 4 potions of curing {unknown}
 m - a potion of ambrosia {unknown}
Books
 b - a book of Conjurations

   Spells                             Type                      Level
   a - Magic Dart                     Conjuration                  1
   b - Searing Ray                    Conjuration                  2
   c - Dazzling Spray                 Conjuration/Hexes            3
   d - Fulminant Prism                Conjuration/Hexes            4
   e - Iskenderun's Mystic Blast      Conjuration                  4
   f - Iskenderun's Battlesphere      Conjuration/Charms           5
Comestibles
 c - 2 bread rations
 i - a slice of pizza


   Skills:
 + Level 1.0 Fighting
 + Level 3.1 Dodging
 - Level 2.4 Stealth
 + Level 3.5 Spellcasting
 * Level 4.8 Conjurations


You had 3 spell levels left.
You knew the following spells:

 Your Spells              Type           Power        Failure   Level  Hunger
a - Magic Dart            Conj           ###.         12%         1    None
b - Searing Ray           Conj           ###...       14%         2    ##.....
c - Dazzling Spray        Conj/Hex       ##....       80%         3    ###....


Dungeon Overview and Level Annotations

Branches:
Dungeon (2/15)

Altars:
Gozag

Annotations:
D:2 Ijyb


Message History

You hit the worm.
The worm is severely wounded.
You hit the worm.
The worm is severely wounded.
The worm barely misses you.
You hit the worm but do no damage.
The worm is severely wounded.
The worm bites you but does no damage.
You hit the worm.
The worm is severely wounded.
You hit the worm but do no damage.
The worm is severely wounded.
The worm bites you!
You hit the worm but do no damage.
The worm is severely wounded.
You are feeling very hungry.
You hit the worm but do no damage.
The worm is severely wounded.
The worm bites you!
You die...

#...# #...#
####...####
##....$....#
.....(....#
.......
#..w# #.@.#
#...#
##.####
#.....#
#..##.#
##..##.#
###...##.#
........###
###........#


You could see a worm.

Vanquished Creatures
  2 oozes (D:1)
  2 dart slugs (D:1)
  2 giant geckos (D:2)
  2 giant cockroaches
  4 jackals (D:2)
  2 kobolds (D:1)
  3 bats (D:1)
  A giant newt (D:1)
  5 goblins (D:1)
  3 rats (D:1)
26 creatures vanquished.

Notes
Turn   | Place    | Note
--------------------------------------------------------------
     0 | D:1      | Allar the Deep Elf Conjurer began the quest for the Orb.
     0 | D:1      | Reached XP level 1. HP: 10/10 MP: 6/6
   185 | D:1      | Reached XP level 2. HP: 11/15 MP: 0/8
   307 | D:1      | Learned a level 2 spell: Searing Ray
  1159 | D:1      | Reached XP level 3. HP: 18/20 MP: 5/10
  1319 | D:1      | Learned a level 3 spell: Dazzling Spray
  1321 | D:2      | Noticed Ijyb
  1474 | D:2      | Reached skill level 1 in Fighting
  1648 | D:2      | Found an opulent altar of Gozag.
  1848 | D:2      | Slain by a worm

Skill      XL: |  1  2  3 |
---------------+----------+-----
Fighting       | 1 |  1.0
Dodging        | 3 |  3.1
Stealth        | |  2.4
Spellcasting   | |  3.5
Conjurations   | |  4.8

Action                   || total
-------------------------++-------
Melee: Dagger            ||    85
 Cast: Magic Dart        ||    37
       Searing Ray       ||     4
  Use: Scroll            ||     4
 Stab: Sleeping          ||     1
  Eat: Chunk             ||     2
Armor: Robe              ||     1
       Ring mail         ||    66
Dodge: Dodged            ||   105
